 Dungeon Crawl Stone Soup version 0.25.1-2-g60ff931df9 (webtiles) character file.

Game seed: 8223871209847821942

1149 Descartes the Schismatic (level 8, -7/62 HPs)
             Began as a Formicid Abyssal Knight on Nov 7, 2020.
             Was an Elder of Lugonu.
             Mangled by an ice beast (8 damage)
             ... on level 6 of the Dungeon on Nov 8, 2020.
             The game lasted 00:14:13 (5354 turns).

Descartes the Schismatic (Formicid Abyssal Knight)  Turns: 5354, Time: 00:14:14

Health: -7/62      AC: 16    Str: 23      XL:     8   Next: 65%
Magic:  15/15      EV:  7    Int: 14      God:    Lugonu [****..]
Gold:   244        SH:  0    Dex:  7 (10) Spells: 7/7 levels left

rFire    . . .     SeeInvis +   a - +1 falchion
rCold    . . .     Gourm    .   (no shield)
rNeg     . . .     Faith    .   K - +0 plate armour
rPois    .         Spirit   .   (helmet unavailable)
rElec    .         Reflect  .   (no cloak)
rCorr    .         Harm     .   z - +2 pair of gloves
MR       .....                  h - +0 pair of boots
Stlth    ..........             (no amulet)
HPRegen  0.20/turn              s - +6 ring of strength
MPRegen  0.14/turn              G - ring of see invisible

@: no status effects
A: permanent stasis, dig shafts and tunnels, four strong arms, antennae 3
a: Dig, Shaft Self, Depart the Abyss, Bend Space, Banish, Corrupt, Renounce
Religion


You were on level 6 of the Dungeon.
You worshipped Lugonu.
Lugonu was greatly pleased with you.
You were not hungry.

You visited 1 branch of the dungeon, and saw 6 of its levels.
You visited the Abyss 1 time.

You collected 244 gold pieces.

Inventory:

Hand Weapons
 a - a +1 falchion (weapon)
 n - a +1 vampiric dagger
Missiles
 i - 97 arrows
 m - 180 stones
 r - 11 boomerangs
 w - 47 sling bullets
 I - 7 curare-tipped darts (quivered)
Armour
 h - a +0 pair of boots (worn)
 z - a +2 pair of gloves (worn)
 K - a +0 plate armour (worn)
Magical Staves
 E - an uncursed staff of conjuration {unknown}
Jewellery
 s - a +6 ring of strength (left hand)
 x - an uncursed ring of fire
 G - a ring of see invisible (right hand)
Wands
 b - a wand of random effects (17)
 D - a wand of acid (9)
Scrolls
 f - 3 scrolls of blinking {unknown}
 g - 3 scrolls of identify {unknown}
 o - 4 scrolls of teleportation {unknown}
 t - a scroll of enchant armour {unknown}
 v - 5 scrolls of remove curse {unknown}
 y - 2 scrolls of fear {unknown}
 B - a scroll of magic mapping {unknown}
 C - a scroll of enchant weapon {unknown}
 F - a scroll of random uselessness {unknown}
Potions
 d - a potion of cancellation {unknown}
 e - a potion of berserk rage {unknown}
 k - a potion of mutation {unknown}
 l - 6 potions of curing {unknown}
 p - a potion of invisibility {unknown}
 q - a potion of magic {unknown}
 u - a potion of brilliance {unknown}
 A - a potion of degeneration {unknown}
 H - a potion of lignification {unknown}
 J - a potion of might {unknown}
Comestibles
 c - 11 rations
 L - 2 chunks of flesh


   Skills:
 - Level 5.0 Fighting
 - Level 2.0 Long Blades
 - Level 5.0 Armour
 - Level 2.0 Dodging
 + Level 9.5 Invocations


You had 7 spell levels left.
You didn't know any spells.
Your spell library contained the following spells:

 Spells                   Type           Power        Failure   Level  Hunger
 Magic Dart               Conj           #...         99%         1    ##.....
 Call Imp                 Summ           #.......     100%        2    ###....
 Slow                     Hex            #.......     100%        2    ###....
 Conjure Flame            Conj/Fire      #.......     100%        3    ####...
 Mephitic Cloud           Conj/Pois/Air  #.......     100%        3    ####...
 Blink                    Tloc           Unusable     N/A         2    N/A

Dungeon Overview and Level Annotations

Branches:
Dungeon (6/15)
 Temple: D:4-7

Altars:
Kikubaaqudgha
Makhleb
Nemelex Xobeh
Qazlal
Vehumet
Wu Jian

Shops:
D:4 (


Innate Abilities, Weirdness & Mutations

You cannot be hasted, slowed, berserked, paralysed or teleported.
You can dig through walls and to a lower floor.
Your four strong arms can wield two-handed weapons with a shield.
You have a pair of large antennae on your head. (SInv)


Message History

The ice beast is severely wounded.
The ice beast hits you but does no damage.
Unknown command.
You closely miss the ice beast.
The ice beast is severely wounded.
The ice beast hits you.
* * * LOW HITPOINT WARNING * * *
The ice beast freezes you!
* * * LOW HITPOINT WARNING * * *
Unknown command.
You hit the ice beast but do no damage.
The ice beast is severely wounded.
The ice beast hits you but does no damage.
You barely miss the ice beast.
The ice beast is severely wounded.
The ice beast hits you but does no damage.
The ice beast hits you.
* * * LOW HITPOINT WARNING * * *
The ice beast freezes you!
You die...

### ####.## #...#.#
########.##.###########
#........##...........#
#.#############.####..
##.#### #@# ......# #Y#
##.##.# #....(..#
##....# ####5####
#####.# # #####.#
......# ....#.# ###.#.#


You could see an ice beast.

Vanquished Creatures
  A sky beast (D:5)
  A phantom (D:4)
  An ogre (D:4)
  A centaur (D:5)
  A big kobold (D:5)
  2 scorpions
  A vampire bat (D:2)
  2 quasits (D:6)
  A hound (D:5)
  A centaur skeleton (D:4)
  An orc priest (D:5)
  2 orc wizards (D:5)
  2 iguanas
  A bullfrog skeleton (D:5)
  4 worker ants (D:5)
  A worker ant zombie (D:5)
  8 adders
  An ooze (D:2)
  An adder zombie (D:4)
  An adder skeleton (D:4)
  A worm (D:2)
  3 dart slugs
  19 orcs
  3 bat skeletons (D:2)
  2 bat zombies (D:2)
  3 giant cockroaches
  5 goblins
  6 hobgoblins
  5 jackals
  2 quokkas
  11 bats
  9 frilled lizards
  A jackal zombie (D:6)
  10 kobolds
  A leopard gecko skeleton (D:5)
  A quokka skeleton (D:4)
  10 rats
126 creatures vanquished.

Notes
Turn   | Place    | Note
-------+----------+-------------------------------------------
     0 | Abyss:1  | Descartes the Formicid Abyssal Knight began the quest for
                  | the Orb.
     0 | Abyss:1  | Reached XP level 1. HP: 18/18 MP: 2/2
    20 | D:1      | Escaped the Abyss
    60 | D:1      | Reached skill level 1 in Dodging
   175 | D:1      | Reached XP level 2. HP: 22/24 MP: 3/3
   579 | D:1      | Reached XP level 3. HP: 26/29 MP: 3/5
   699 | D:1      | Reached ** piety under Lugonu
  1099 | D:2      | You fall into a shaft and drop 2 floors!
  1248 | D:4      | Reached skill level 3 in Invocations
  1248 | D:4      | Reached XP level 4. HP: 20/37 MP: 6/6
  1446 | D:4      | Found a burning altar of Makhleb.
  1560 | D:4      | Found Anodipa's Antique Weapon Emporium.
  1574 | D:4      | Reached XP level 5. HP: 42/42 MP: 7/7
  1614 | D:4      | Found a radiant altar of Vehumet.
  1615 | D:4      | Noticed a phantom
  1685 | D:4      | Killed a phantom
  1685 | D:4      | Reached skill level 4 in Invocations
  1685 | D:4      | Reached XP level 6. HP: 25/49 MP: 7/9
  1961 | D:3      | Noticed an ogre
  2105 | D:4      | Killed an ogre
  2105 | D:4      | Reached skill level 5 in Fighting
  2468 | D:2      | Reached XP level 7. HP: 56/56 MP: 10/10
  2530 | D:2      | Found an ancient bone altar of Kikubaaqudgha.
  2542 | D:2      | Reached *** piety under Lugonu
  2542 | D:2      | Reached skill level 5 in Invocations
  2726 | D:2      | Found a faded altar of an unknown god.
  3163 | D:3      | Found a stormy altar of Qazlal.
  3280 | D:3      | Found a sparkling altar of Nemelex Xobeh.
  3451 | D:4      | Reached skill level 5 in Armour
  3775 | D:5      | Entered Level 5 of the Dungeon
  3786 | D:5      | Reached skill level 6 in Invocations
  4199 | D:5      | Reached skill level 7 in Invocations
  4199 | D:5      | Reached XP level 8. HP: 40/62 MP: 13/13
  4352 | D:5      | Reached skill level 8 in Invocations
  4786 | D:5      | Reached skill level 9 in Invocations
  4797 | D:5      | Reached **** piety under Lugonu
  5006 | D:5      | Found an ornate altar of the Wu Jian Council.
  5352 | D:6      | HP: 2/62 [ice beast (14)]
  5354 | D:6      | Mangled by an ice beast

Illustrated notes

Levels and vault maps discovered:
D:1:      heliophobic_arrival_battle_scene, layout_basic
D:2:      layout_basic, kennysheep_vampire_church, first_ration,
          chequers_ecumenical_altar_island
D:3:      layout_basic, nemelex_xobeh_ov_fountains_minmay,
          nicolae_qazlal_eye_of_the_storm
D:4:      layout_rooms, kennysheep_little_box, overflow_temple_1_default,
          serial_shops, shop, kennysheep_nondescript
D:5:      layout_rooms, kennysheep_mini_moat, corexii_hall_statues_s
D:6:      layout_loops_cross, eat_drink_and_be_merry_uskayaw,
          minmay_temple_entry_sparse_star

Skill      XL: |  1  2  3  4  5  6  7  8 |
---------------+-------------------------+-----
Dodging        | 1 2 |  2.0
Armour         | 3 4 5 |  5.0
Invocations    | 3 4 7 9 |  9.5
Fighting       | 4 5 |  5.0
Long Blades    | |  2.0

Action                   |  1- 3 |  4- 6 |  7- 9 || total
-------------------------+-------+-------+-------++-------
Melee: Falchion          |   106 |   108 |   323 ||   537
 Abil: Dig               |       |       |     1 ||     1
  Eat: Chunk             |     1 |     4 |    10 ||    15
Armor: Leather armour    |    17 |       |       ||    17
       Scale mail        |    35 |    46 |   140 ||   221
       Plate armour      |       |       |   139 ||   139
Dodge: Dodged            |    75 |    61 |   212 ||   348
       Rpst.: Falchion   |    27 |    25 |    56 ||   108
